Map: Frozen Temple

Players

CheeseLegs

  • Race: Zerg Zerg
  • League: Master

Miszu - Winner!

  • Race: Terran Terran
  • League: Grandmaster

VOD

Have the link to the VOD?

Description

Time

  • Played on: May 19, 2016, 12:05 p.m.
  • Length: 29:28
Show
View Real Time Build Order
Export as new Build Order

CheeseLegs Zerg 

Build Orders: Pool First 

Get SALT Encoding   

  12  0:01  Drone  
  13  0:12  Overlord  
  13  0:20  Drone  
  14  0:31  Drone x2  
  16  0:35  Drone  
  17  0:46  Spawning Pool  
  17  0:48  Drone  
  17  0:51  Extractor  
  17  0:56  Drone  
  17  1:17  Hatchery  
  16  1:20  Drone  
  16  1:23  Drone  
  18  1:30  Drone  
  19  1:38  Queen  
  21  1:52  Roach Warren  
  20  1:57  Drone  
  20  2:01  Overlord  
  21  2:10  Overlord  
  21  2:19  Queen  
  23  2:32  Roach x2  
  23  2:33  Roach  
  29  2:38  Roach  
  31  2:50  Drone x3  
  34  2:51  Drone  
  34  2:54  Drone  
  36  3:01  Drone x2  
  36  3:04  Drone  
  39  3:11  Overlord  
  39  3:20  Drone  
  39  3:25  Ravager  
  39  3:26  Ravager  
  42  3:27  Ravager  
  42  3:29  Drone  
  42  3:31  Drone  
  42  3:32  Drone x3  
  48  3:52  Drone x4  
  52  4:05  Hatchery  
  52  4:08  Extractor, Lair  
  52  4:09  Extractor  
  49  4:11  Queen  
  49  4:12  Overlord  
  49  4:14  Drone  
  52  4:20  Spore Crawler  
  52  4:21  Spore Crawler  
  50  4:27  Drone x2  
  52  4:33  Drone x7  
  52  4:37  Overlord  
  59  4:39  Overlord  
  57  4:55  Drone x3  
  57  4:56  Drone x2  
  60  5:04  Drone x3  
  63  5:07  Evolution Chamber  
  63  5:08  Drone  
  63  5:09  Drone  
  63  5:11  Evolution Chamber  
  63  5:18  Drone x3  
  66  5:21  Overseer  
  66  5:24  Queen  
  66  5:26  Spore Crawler  
  65  5:36  Drone  
  65  5:37  Drone x8  
  65  5:40  Extractor  
  73  5:44  Drone  
  73  5:46  Zerg Missile Weapons Level 1, Zerg Ground Armor Level 1  
  74  5:54  Drone  
  74  5:55  Drone x2  
  77  5:59  Overlord x3  
  77  6:00  Drone x2  
  77  6:03  Extractor  
  78  6:04  Extractor  
  78  6:07  Drone  
  78  6:10  Drone x2  
  80  6:12  Drone  
  80  6:13  Glial Reconstitution  
  81  6:19  Drone x2  
  81  6:20  Drone  
  81  6:23  Drone  
  85  6:30  Roach x2, Hatchery  
  88  6:34  Drone  
  88  6:35  Infestation Pit  
  88  6:37  Hydralisk Den  
  87  6:41  Drone  
  88  6:51  Roach x9  
  98  7:07  Muscular Augments  
  96  7:17  Hive, Queen  
  96  7:19  Hatchery  
  95  7:27  Drone x8  
  103  7:40  Roach  
  103  7:42  Overlord x4  
  105  7:57  Zerg Missile Weapons Level 2  
  105  7:58  Queen  
  105  8:00  Drone  
  105  8:01  Drone x6  
  109  8:07  Zerg Ground Armor Level 2  
  109  8:20  Ravager  
  109  8:21  Ravager x8  
  109  8:22  Roach x4  
  109  8:23  Roach x5  
  136  8:40  Hydralisk x4  
  143  8:42  Overlord x4  
  143  8:43  Overlord x2  
  143  8:57  Overlord x5  
  143  8:58  Overlord  
  143  9:10  Queen, Viper x4  
  157  9:25  Hatchery  
  157  9:30  Spore Crawler  
  157  9:31  Hydralisk x4  
  155  9:37  Spore Crawler  
  162  9:39  Spore Crawler  
  162  9:43  Spore Crawler  
  160  9:45  Hydralisk x2  
  160  9:46  Hydralisk x3  
  170  9:57  Hydralisk x4  
  176  10:09  Hydralisk x5  
  176  10:13  Overseer x2  
  186  10:42  Spore Crawler x2  
  185  10:43  Hydralisk x8  
  200  10:54  Spine Crawler  
  200  10:55  Drone  
  200  10:56  Spine Crawler x2  
  198  10:57  Drone  
  198  10:58  Spore Crawler, Drone x2, Spine Crawler  
  198  10:59  Drone  
  200  11:05  Zerg Missile Weapons Level 3, Spore Crawler x2  
  200  11:06  Spore Crawler  
  197  11:17  Drone  
  197  11:18  Drone x2  
  198  11:56  Drone  
  198  11:57  Drone  
  198  12:00  Spore Crawler  
  198  12:01  Extractor, Spore Crawler  
  196  12:09  Spire  
  195  12:18  Spine Crawler x2  
  195  12:19  Drone, Spine Crawler  
  195  12:20  Drone x7  
  195  12:22  Spine Crawler  
  198  12:56  Extractor  
  197  13:03  Spine Crawler  
  196  13:06  Drone x5, Spine Crawler  
  196  13:10  Hatchery  
  199  13:24  Greater Spire  
  187  14:00  Viper x3  
  196  14:04  Hydralisk x2  
  200  14:28  Spore Crawler  
  200  14:30  Spore Crawler  
  187  14:47  Hydralisk x6  
  199  15:06  Zerg Flyer Weapons Level 1  
  182  15:31  Viper x4  
  194  15:41  Spore Crawler x2  
  194  15:42  Spore Crawler x2  
  189  16:14  Corruptor x5  
  199  16:28  Spore Crawler  
  199  16:29  Spore Crawler  
  199  16:30  Spore Crawler  
  199  16:31  Spore Crawler  
  195  16:40  Drone x5  
  200  16:48  Spore Crawler, Hatchery  
  200  16:50  Spore Crawler  
  193  17:18  Corruptor x3  
  199  17:38  Spore Crawler  
  199  17:39  Spore Crawler x2  
  199  17:40  Extractor x2  
  199  17:41  Spine Crawler  
  199  17:42  Spine Crawler  
  199  17:43  Spine Crawler  
  191  17:44  Spine Crawler  
  191  17:47  Zerg Flyer Weapons Level 2  
  181  18:11  Viper x5  
  181  18:12  Viper  
  197  18:46  Corruptor x10  
  197  18:52  Spore Crawler  
  193  19:00  Corruptor x5  
  200  19:53  Hatchery  
  199  20:03  Zerg Flyer Armor Level 1  
  195  20:31  Corruptor x2  
  199  20:54  Zerg Ground Armor Level 3  
  199  20:55  Overseer  
  199  21:08  Spore Crawler  
  199  21:10  Spore Crawler  
  197  21:11  Spore Crawler  
  196  21:26  Spore Crawler  
  196  21:27  Spore Crawler  
  196  21:28  Extractor  
  196  21:29  Extractor  
  192  21:37  Hatchery  
  191  21:46  Spore Crawler  
  190  21:48  Spore Crawler  
  190  21:49  Spore Crawler  
  188  21:57  Zerg Flyer Weapons Level 3  
  168  22:12  Corruptor x14  
  168  22:13  Corruptor x7  
  117  22:45  Corruptor x2  
  99  23:02  Hydralisk x2  
  99  23:04  Drone x2  
  99  23:05  Drone x4  
  106  23:06  Drone  
  106  23:07  Drone x3  
  106  23:08  Drone x2  
  106  23:10  Drone x3  
  106  23:11  Queen x3  
  106  23:12  Queen x2  
  120  23:30  Hydralisk x3  
  88  23:48  Extractor  
  83  23:49  Extractor  
  83  23:50  Spore Crawler x2  
  83  23:51  Spore Crawler x2  
  78  24:01  Corruptor x2  
  82  24:10  Hydralisk x2  
  82  24:11  Hydralisk  
  82  24:16  Drone  
  82  24:17  Drone x5  
  94  24:36  Hydralisk x5  
  88  25:17  Hydralisk x7  
  88  25:18  Hydralisk x2  
  106  25:29  Drone x10  
  108  26:17  Corruptor x7  
  122  26:52  Hydralisk x10  
  104  27:51  Viper x3  
  106  28:02  Spore Crawler x2  
  106  28:04  Spore Crawler  
  103  28:07  Hatchery  
  102  28:22  Corruptor x4  
  77  28:36  Extractor  
  77  28:38  Roach x7  
Show
View Real Time Build Order
Export as new Build Order

Miszu Terran - Winner!

Build Orders: Hellion Banshee 

Get SALT Encoding   

  12  0:00  SCV  
  13  0:13  SCV  
  14  0:18  Supply Depot  
  14  0:25  SCV  
  15  0:40  Barracks, SCV  
  16  0:52  SCV  
  17  1:06  SCV  
  18  1:14  Command Center  
  18  1:27  Marine, Orbital Command  
  19  1:34  Refinery  
  19  1:37  Refinery  
  19  1:45  Marine  
  20  1:52  SCV  
  21  2:03  Marine  
  21  2:06  Supply Depot, SCV  
  23  2:20  Bunker  
  23  2:25  Marine, SCV  
  23  2:27  Factory  
  26  2:37  Orbital Command  
  25  2:45  SCV  
  25  2:50  Barracks Reactor  
  26  2:57  SCV  
  27  3:03  SCV  
  28  3:09  SCV  
  29  3:13  Starport  
  29  3:14  Factory Tech Lab  
  29  3:16  SCV  
  30  3:21  SCV  
  31  3:28  SCV  
  31  3:31  Supply Depot, Barracks Tech Lab  
  31  3:33  SCV  
  31  3:34  Hellion x2  
  37  3:40  SCV  
  38  3:53  SCV x2  
  40  3:57  Hellion  
  42  4:05  SCV x2  
  42  4:09  Banshee  
  44  4:12  Barracks Reactor  
  47  4:17  SCV  
  48  4:26  Hellion x2  
  48  4:28  SCV  
  48  4:29  SCV  
  54  4:42  Command Center  
  54  4:45  SCV x2  
  56  4:54  Liberator x2  
  56  4:56  Refinery  
  56  4:57  Refinery  
  56  4:59  Hellion x2  
  54  5:01  SCV  
  54  5:03  Barracks Tech Lab, SCV  
  62  5:37  Supply Depot  
  62  5:41  Supply Depot  
  62  5:45  Supply Depot  
  62  5:51  Starport  
  62  5:53  Starport  
  62  5:54  Hellion x2, SCV x2  
  62  5:55  Liberator  
  68  5:59  Liberator  
  68  6:03  Starport, Orbital Command  
  68  6:04  Starport  
  68  6:06  SCV x2  
  70  6:18  SCV x2  
  78  6:27  Fusion Core  
  78  6:30  SCV x2  
  80  6:33  SCV  
  80  6:34  Armory  
  80  6:39  Hellion  
  83  6:41  Starport Tech Lab x2  
  83  6:42  SCV x2  
  83  6:45  SCV  
  86  6:51  Supply Depot  
  86  6:53  Supply Depot  
  86  6:54  SCV  
  86  6:57  Banshee x2  
  93  7:07  Liberator  
  89  7:12  SCV  
  89  7:14  SCV  
  89  7:15  Banshee x2  
  92  7:21  Orbital Command  
  94  7:24  SCV  
  94  7:25  Viking  
  97  7:37  Refinery  
  97  7:38  Refinery  
  97  7:41  Hellion x2  
  97  7:42  Terran Ship Weapons Level 1  
  101  7:48  Banshee  
  101  7:49  Banshee  
  107  8:04  Banshee  
  102  8:16  Hellion x2  
  102  8:18  Hyperflight Rotors  
  106  8:22  SCV x2  
  106  8:23  SCV  
  106  8:24  Cloaking Field, Command Center  
  106  8:26  Command Center  
  109  8:33  Liberator  
  109  8:34  SCV  
  109  8:35  SCV x2, Liberator x2  
  109  8:42  Supply Depot  
  109  8:43  Supply Depot  
  109  8:46  SCV  
  109  8:47  SCV x2  
  106  8:48  Liberator  
  115  8:59  SCV x2  
  115  9:00  Liberator  
  77  9:02  Liberator  
  117  9:04  SCV  
  121  9:10  Supply Depot  
  121  9:11  Supply Depot, SCV x2  
  121  9:17  SCV  
  130  9:28  Advanced Ballistics  
  130  9:33  Liberator x2  
  130  9:37  Hellion x2  
  134  9:40  Orbital Command  
  134  9:45  Command Center  
  134  9:48  Command Center  
  140  9:58  Hellion x2, Liberator  
  144  10:06  Terran Ship Weapons Level 2  
  144  10:10  Armory  
  144  10:19  Hellion  
  144  10:20  Hellion  
  151  10:25  Engineering Bay  
  145  10:32  Liberator  
  145  10:35  Banshee x2  
  138  10:36  Refinery x2  
  138  10:38  Banshee  
  138  10:41  Hellion x2  
  144  10:50  Planetary Fortress  
  144  10:56  Missile Turret  
  144  10:58  Missile Turret  
  144  10:59  Orbital Command  
  144  11:01  Missile Turret  
  144  11:03  Missile Turret  
  144  11:04  Missile Turret  
  144  11:08  Terran Vehicle And Ship Armor Level 1  
  144  11:12  Liberator  
  144  11:16  Banshee  
  144  11:18  Banshee x2  
  153  11:21  Banshee  
  157  11:43  Liberator x2  
  157  11:44  Liberator  
  157  11:47  Liberator  
  157  11:59  Banshee  
  169  12:11  Refinery  
  169  12:12  Viking  
  171  12:16  Refinery  
  171  12:21  Missile Turret  
  165  12:42  Viking x2  
  165  12:43  Viking, Command Center  
  168  12:44  Command Center  
  168  12:46  Command Center x2  
  168  12:49  Liberator x3  
  168  13:03  Terran Vehicle And Ship Armor Level 2, Terran Ship Weapons Level 3  
  174  13:33  Viking  
  174  13:34  Viking x2  
  175  13:39  Liberator  
  175  13:46  Liberator x2  
  163  13:49  Viking x2  
  157  14:04  Orbital Command x2  
  157  14:09  SCV x3  
  166  14:10  SCV x4  
  166  14:13  Refinery x2  
  170  14:36  Sensor Tower  
  170  14:37  Building Armor  
  162  14:39  Starport  
  162  14:40  Starport, Viking  
  162  14:41  Viking  
  162  14:42  Viking  
  166  15:08  Viking  
  166  15:09  Viking  
  166  15:10  Battlecruiser  
  164  15:29  Viking x3  
  164  15:32  Planetary Fortress  
  167  15:38  Viking  
  167  15:42  Starport Tech Lab  
  169  15:49  Command Center  
  169  15:50  Starport Tech Lab  
  163  16:14  Battlecruiser x3  
  163  16:16  Battlecruiser  
  181  16:29  Missile Turret  
  181  16:34  Battlecruiser  
  181  16:35  Battlecruiser  
  191  16:48  Planetary Fortress  
  180  17:11  SCV  
  180  17:12  SCV x6  
  180  17:13  Command Center, SCV x2  
  167  17:20  Battlecruiser  
  173  17:23  Terran Vehicle And Ship Armor Level 3  
  173  17:24  SCV x5  
  173  17:25  Weapon Refit  
  178  17:38  SCV  
  178  17:39  SCV x8  
  187  17:51  SCV x4  
  191  18:09  Refinery  
  191  18:10  Refinery  
  188  18:14  Battlecruiser  
  188  18:15  Battlecruiser  
  183  19:00  Battlecruiser x2  
  192  19:25  Viking x2  
  190  19:38  Battlecruiser  
  188  19:51  Liberator  
  188  19:52  Liberator, Missile Turret  
  186  20:08  Liberator  
  186  20:13  Liberator  
  190  20:16  Command Center  
  158  20:28  Liberator  
  161  20:41  Refinery  
  161  20:43  Refinery x2  
  161  20:47  SCV x5  
  161  20:48  SCV x4  
  173  20:50  Refinery  
  173  20:57  Liberator  
  173  20:59  SCV x4  
  173  21:00  SCV x2  
  178  21:12  SCV x2  
  178  21:17  Liberator  
  183  21:24  Planetary Fortress  
  183  21:25  SCV  
  184  21:27  Missile Turret  
  184  21:28  Missile Turret x2  
  183  21:37  SCV  
  187  21:45  Planetary Fortress  
  187  21:58  Liberator x2  
  140  22:18  Liberator x2  
  118  22:52  SCV x5  
  118  22:53  SCV x3  
  118  22:56  Battlecruiser  
  129  23:02  Command Center  
  129  23:04  SCV x5  
  129  23:05  SCV x3  
  136  23:08  Command Center  
  137  23:13  Liberator  
  137  23:14  Liberator x2  
  137  23:16  SCV x4  
  141  23:22  Liberator  
  141  23:25  Refinery  
  130  23:27  Refinery  
  130  23:29  Liberator  
  121  23:48  Liberator x2  
  124  23:55  SCV x3  
  126  23:56  SCV x3  
  126  24:02  Liberator  
  130  24:08  SCV x3  
  130  24:09  SCV x5  
  144  24:20  SCV x2  
  149  24:25  Liberator  
  137  24:34  Viking x3  
  144  24:46  Liberator  
  134  25:00  Planetary Fortress  
  129  25:21  Viking x4  
  129  25:23  Viking x2  
  129  25:25  Hellion  
  129  25:26  Hellion  
  139  25:31  Factory  
  136  25:44  Factory  
  136  25:46  Factory x2, Viking, Refinery  
  136  25:47  Refinery, Hellion x2  
  136  25:49  Liberator x2  
  139  25:52  Missile Turret x2  
  136  26:08  Hellion x2  
  139  26:16  Factory Tech Lab  
  139  26:25  Terran Vehicle Weapons Level 1  
  139  26:26  Planetary Fortress  
  139  26:30  Hellion x2  
  143  26:37  Hellion x2  
  143  26:38  Hellion x2  
  151  26:40  Infernal Pre-Igniter  
  151  26:51  Hellion x2  
  155  26:54  Battlecruiser  
  155  26:55  Liberator  
  155  26:58  Hellion, Liberator  
  155  26:59  Hellion x3  
  169  27:12  Hellion  
  169  27:13  Hellion  
  176  27:20  Hellion x4  
  187  27:34  Hellion x2, Liberator x5  
  188  27:38  Liberator  
  188  27:41  Hellion x2, Liberator  
  188  27:42  Hellion x2  
  178  27:55  Hellion x2  
  173  28:41  Viking  
  173  28:42  Viking x7  
Tags
 
Add a new tag
Caveats
  • Supply blocks, unpowered buildings, or Contaminate may cause inaccurate times.
  • Supply counts are checked every 10 seconds.